 Dungeon Crawl Stone Soup version 0.30-a0-824-g6c64550be9 (webtiles) character file.

Game seed: 10190453124234622734

318 cforsyth the Sneak (level 6, -1/38 HPs)
             Began as a Kobold Brigand on Feb 28, 2023.
             Killed by nerve-wracking pain
             ... invoked by an orc priest
              (14 damage)
             ... on level 3 of the Dungeon.
             The game lasted 00:03:28 (4186 turns).

cforsyth the Sneak (Kobold Brigand)                 Turns: 4186, Time: 00:03:29

Health: -1/38      AC:  6    Str:  8    XL:     6   Next: 74%
Magic:  6/6        EV: 16    Int: 13    God:
Gold:   104        SH:  0    Dex: 18    Spells: 5/5 levels left

rFire   . . .      SeeInvis .    a - +2 dagger
rCold   . . .      Faith    .    (no shield)
rNeg    . . .      Spirit   .    b - +0 robe
rPois   .          Reflect  .    (no helmet)
rElec   .          Harm     .    c - +0 cloak
rCorr   .          Rampage  .    q - +1 pair of gloves
Will    .....                    w - +0 pair of boots
Stlth   +++++                    (no amulet)
HPRegen 0.26/turn                (no ring)
MPRegen 0.10/turn                (no ring)

@: no status effects
A: small, no large weapons, nightstalker 3
a: no special abilities


You were on level 3 of the Dungeon.
You visited 1 branch of the dungeon, and saw 4 of its levels.

You collected 104 gold pieces.

Inventory:

Hand Weapons
 a - a +2 dagger (weapon)
Missiles
 d - 23 poisoned darts (quivered)
 e - 3 curare-tipped darts
Armour
 b - a +0 robe (worn)
 c - a +0 cloak (worn)
 m - a +0 pair of gloves
 q - a +1 pair of gloves (worn)
 w - a +0 pair of boots (worn)
Jewellery
 p - a ring of see invisible
 x - a ring of poison resistance
 B - a ring of wizardry
Scrolls
 f - 5 scrolls of identify {unknown}
 g - 2 scrolls of enchant weapon {unknown}
 h - 2 scrolls of poison {unknown}
 i - a scroll of summoning {unknown}
 j - 4 scrolls of teleportation {unknown}
 k - a scroll of fog {unknown}
 r - 2 scrolls of blinking {unknown}
 t - a scroll of enchant armour {unknown}
 y - a scroll of noise {unknown}
 A - a scroll of magic mapping {unknown}
Potions
 l - 2 potions of curing
 n - a potion of heal wounds {unknown}
 o - a potion of might
 s - 2 potions of haste {unknown}
 u - a potion of flight {unknown}
 v - a potion of lignification {unknown}
 z - a potion of invisibility {unknown}


   Skills:
 + Level 4.0 Fighting
 + Level 4.9 Short Blades
 - Level 2.1 Throwing
 + Level 3.9 Dodging
 + Level 6.9 Stealth


You had 5 spell levels left.
You didn't know any spells.
Your spell library contained the following spells:

 Spells                   Type           Power      Damage    Failure   Level
 Apportation              Tloc           0%         N/A       30%         1
 Necrotise                Necr           0%         1d4       30%         1
 Summon Small Mammal      Summ           0%         N/A       30%         1


Dungeon Overview and Level Annotations

Branches:
Dungeon (4/15)
 Temple: D:4-7

Altars:
Sif Muna
Uskayaw
Yredelemnul
The Shining One


Innate Abilities, Weirdness & Mutations

You are small and have problems with some larger weapons.
You are completely attuned to the shadows.


Message History

You climb upwards.
There is a stone staircase leading down here.
You climb downwards.
The orc priest invokes the aid of Beogh against you.
Pain shoots through your body!
There is a stone staircase leading up here.
The orc priest closely misses you. The orc hits you with a +0 short sword.
You climb upwards.
There is a stone staircase leading down here.
You hit the orc priest.
The orc priest is lightly wounded.
The orc priest hits you with a +0 hand axe.
The orc hits you with a +0 short sword.
You hit the orc priest.
The orc priest is moderately wounded.
You hit the orc priest but do no damage.
The orc priest is moderately wounded.
The orc priest hits you but does no damage.
The orc closely misses you.
You hit the orc priest.
The orc priest is heavily wounded.
The orc priest barely misses you. The orc misses you.
You hit the orc priest.
The orc priest is severely wounded.
The orc priest hits you with a +0 hand axe.
The orc hits you with a +0 short sword.
You hit the orc priest.
The orc priest is almost dead.
You barely miss the orc priest.
The orc priest is almost dead.
The orc priest closely misses you. The orc hits you with a +0 short sword.
You barely miss the orc priest.
The orc priest is almost dead.
The orc priest hits you with a +0 hand axe.
The orc hits you with a +0 short sword.
You hit the orc priest but do no damage.
The orc priest is almost dead.
The orc priest mumbles some strange prayers to Beogh against you.
Pain shoots through your body!
You die...

#####
######################....
#.........................
#.#.##.##o...########.....
#.._...##@#.#.# ####..###
###.#...#o#.#.####.##.....
#..####.#.#...........##
##....#...#.##<..##.....
#####....#.###+####...†#.##
#..........#...............
#..........#............#.#
#..........#...............
#..........####.........#.#


You could see an orc priest and an orc.

Vanquished Creatures
  An ice beast (D:4)
  A necrophage (D:4)
  A jelly (D:4)
  Terence (D:2)
  4 adders
  A worm (D:2)
  3 dart slugs
  2 ball pythons (D:2)
  5 bats
  10 endoplasms
  4 giant cockroaches
  5 goblins
  4 hobgoblins
  3 jackals (D:3)
  7 kobolds
  3 quokkas
  6 frilled lizards
  4 rats
65 creatures vanquished.

Notes
Turn   | Place    | Note
-------+----------+-------------------------------------------
     0 | D:1      | cforsyth the Kobold Brigand began the quest for the Orb.
     0 | D:1      | Reached XP level 1. HP: 12/12 MP: 1/1
   208 | D:1      | Reached XP level 2. HP: 18/18 MP: 2/2
   618 | D:1      | Found a faded altar of an unknown god.
   810 | D:1      | Reached XP level 3. HP: 22/22 MP: 3/3
  1043 | D:2      | Found a shimmering blue altar of Sif Muna.
  1722 | D:2      | Reached XP level 4. HP: 27/27 MP: 4/4
  2210 | D:2      | Noticed Terence
  2248 | D:2      | Killed Terence
  2249 | D:2      | Reached skill level 6 in Stealth
  2409 | D:2      | You fall into a shaft and drop 1 floor!
  2742 | D:3      | Reached XP level 5. HP: 32/32 MP: 5/5
  3080 | D:3      | Found a glowing golden altar of the Shining One.
  3326 | D:4      | Found a basalt altar of Yredelemnul.
  3389 | D:4      | Noticed an ice beast
  3413 | D:4      | Killed an ice beast
  3414 | D:4      | Reached XP level 6. HP: 17/38 MP: 6/6
  3838 | D:4      | Found a hide-covered altar of Uskayaw.
  4186 | D:3      | Killed from afar by an orc priest

Illustrated notes

Levels and vault maps discovered:
D:1:      mainiacjoe_arrival_reflecting_pool, layout_basic,
          chequers_ecumenical_altar_island
D:2:      layout_basic, basic_altar, minmay_misc_feat_more_columns, uniq_terence
D:3:      layout_basic, lemuel_crystal_altar
D:4:      layout_loops_ring, nicolae_uskayaw_murder_on_the_dancefloor,
          mainiacjoe_overflow_alcove_4, minmay_strange_pillars

Skill      XL: |  1  2  3  4  5  6 |
---------------+-------------------+-----
Short Blades   | 3 4 |  4.9
Dodging        | 2 3 |  3.9
Fighting       | 3 4 |  4.0
Stealth        | 6 |  6.9
Throwing       | |  2.1

Action                     |  1- 3 |  4- 6 || total
---------------------------+-------+-------++-------
  Melee: Dagger            |    87 |   152 ||   239
         Punch             |       |     1 ||     1
    Use: Potion            |       |     2 ||     2
   Stab: Sleeping          |    15 |    16 ||    31
         Distracted        |       |     1 ||     1
 Armour: Robe              |    26 |    26 ||    52
  Dodge: Dodged            |    76 |    72 ||   148

Table legend: (Time is in decaauts)
 A = Elapsed time spent in this place.
 B = Non-inter-level travel time spent in this place.
 C = Inter-level travel time spent in this place.
 D = Time resting spent in this place.
 E = Time spent auto-exploring this place.
 F = Levels seen in this place.
 G = Mean time per level.
                   A        B        C        D        E       F      G
               +--------+--------+--------+--------+--------+-----+--------+
         Total |   4151 |   4011 |    140 |    558 |   2889 |   4 | 1037.8 |
       Dungeon |   4151 |   4011 |    140 |    558 |   2889 |   4 | 1037.8 |
               +--------+--------+--------+--------+--------+-----+--------+

Top non-repeatable levels by time:
     D:2: 1370 daAuts
     D:1: 1211 daAuts
     D:3: 965 daAuts
     D:4: 605 daAuts
